 Dungeon Crawl Stone Soup version 0.29-a0-451-gfbfa42419e (webtiles) character file.

Game seed: 14491859678999301670

67 spiderkeys the Skirmisher (level 4, 0/37 HPs)
             Began as a Barachi Abyssal Knight on May 20, 2022.
             Was a Believer of Lugonu.
             Slain by an iguana (8 damage)
             ... on level 2 of the Dungeon.
             The game lasted 00:03:03 (2342 turns).

spiderkeys the Skirmisher (Barachi Abyssal Knight)  Turns: 2342, Time: 00:03:04

Health: 0/37       AC:  9    Str: 17    XL:     4   Next: 18%
Magic:  4/5        EV:  7    Int: 10    God:    Lugonu [**....]
Gold:   93         SH:  0    Dex: 12    Spells: 3/3 levels left

rFire   . . .      SeeInvis .   a - +1 falchion
rCold   . . .      Faith    .   (no shield)
rNeg    . . .      Spirit   .   d - +0 chain mail
rPois   .          Reflect  .   (no helmet)
rElec   .          Harm     .   (no cloak)
rCorr   .          Rampage  .   (no gloves)
Will    .....                   (no boots)
Stlth   ..........              (no amulet)
HPRegen 0.12/turn               (no ring)
MPRegen 0.09/turn               (no ring)

@: unable to hop, slow
A: amphibious, slowness 1, strong legs 1, +LOS
a: Hop, Renounce Religion, Depart the Abyss, Bend Space


You were on level 2 of the Dungeon.
You worshipped Lugonu.
Lugonu was pleased with you.
You visited 1 branch of the dungeon, and saw 2 of its levels.
You visited the Abyss 1 time.

You collected 93 gold pieces.


Innate Abilities, Weirdness & Mutations

You are amphibious.
You cover ground slowly.
You can hop short distances.
You have an extended range of vision and can be seen from far away.


   Skills:
 + Level 4.2 Fighting
 + Level 3.2 Long Blades
 + Level 3.2 Armour
 + Level 1.4 Dodging
 + Level 2.3 Invocations


You had 3 spell levels left.
You didn't know any spells.
Your spell library was empty.

Inventory:

Hand Weapons
 a - a +1 falchion (weapon)
 j - a +0 long sword
   (You found it on level 1 of the Dungeon)
Missiles
 q - 69 stones
Armour
 b - a +0 leather armour
 d - a +0 chain mail (worn)
   (You found it on level 1 of the Dungeon)
 i - a +0 leather armour
   (You found it on level 1 of the Dungeon)
 m - a +0 ring mail
   (You found it on level 2 of the Dungeon)
 p - a +0 plate armour
   (You found it on level 2 of the Dungeon)
 t - a +0 leather armour
   (You found it on level 2 of the Dungeon)
Scrolls
 e - a scroll of amnesia {unknown}
 f - a scroll of enchant armour {unknown}
 g - a scroll of immolation {unknown}
 h - a scroll of noise {unknown}
 l - a scroll of identify {unknown}
Potions
 c - 2 potions of flight {unknown}
 n - a potion of curing {unknown}
 o - 4 potions of brilliance {unknown}
 r - a potion of invisibility {unknown}
 s - a potion of might {unknown}

Dungeon Overview and Level Annotations

Branches:
Dungeon (2/15)

Altars:

.......#.#.##.#
#.#
########.#.##.#
#.#
....)....#.##.#
#.#
##########.##.#
#.# #.##.# #.#
#.##.# #.# #.##.#
#ยง#
#.##.###########.#
#.##...@l((....?(#
#.################
#.# ##########.#
...........#
##########.# ###


You could see an iguana.


Message History

No target in view!
A goblin comes into view. It is wielding a +0 dagger.
A goblin is nearby!
A goblin is nearby!
The goblin barely misses you.
You miss the goblin. The goblin barely misses you. x2
You hit the goblin.
You kill the goblin!
Lugonu accepts your kill.
No target in view!
No target in view!
No target in view!
Things that are here:
a +0 dagger; a goblin corpse Key pressed, stopping explore.
Key pressed, stopping explore.
An iguana comes into view.
The iguana hisses angrily.
You see here a scroll labelled CAPOC RIALEGHA.
You closely miss the iguana. The iguana bites you! x2 ๐Ÿ˜ฎ HP[-17]
You take 17 damage, and now have 20/37 hp.
MASSIVE DAMAGE!! (PAUSE)
You hit the iguana.
The iguana bites you but does no damage.
You hit the iguana.
The iguana bites you but does no damage.
You hit the iguana but do no damage. The iguana bites you.
* * * LOW HITPOINT WARNING * * *
๐Ÿ˜จ HP[-4]
You take 4 damage, and now have 16/37 hp.
You hit the iguana but do no damage.
The iguana bites you but does no damage.
You barely miss the iguana. The iguana closely misses you.
You closely miss the iguana.
The iguana bites you but does no damage. x2 ๐Ÿ˜จ HP[+1] Unknown command.
You hit the iguana. The iguana bites you!
* * * LOW HITPOINT WARNING * * *
๐Ÿ˜ฑ HP[-8]
You take 8 damage, and now have 9/37 hp.
MASSIVE DAMAGE!! (PAUSE)
You closely miss the iguana.
The iguana bites you but does no damage.
You barely miss the iguana.
The iguana bites you but does no damage.
Okay, then.
Space bends violently around you!
You blink. ๐Ÿ˜ฑ HP[-2] MP[-1]
You take 2 damage, and now have 7/37 hp.
You lost 1 mp, and now have 4/5 mp.
Unknown command.
Unknown command.
Throw: 2 darts (poison)
Press: ? - help, Shift-Dir - straight line, f - iguana
Aim: an iguana (translocational energy, heavily wounded, 63% to hit)
You throw a poisoned dart. The poisoned dart hits the iguana.
Hop to where?
Press: ? - help, Dir - move target, p - iguana Boing!
That's the wrong kind of item! (Use * to select it.) Fire/throw which item? ([*] to toggle full inventory view, [\] to toss any item) (? for menu, Esc to quit)
Okay, then.
Throw: dart (poison)
Press: ? - help, Shift-Dir - straight line, f - iguana
Aim: an iguana (heavily wounded, 63% to hit)
You throw a poisoned dart.
The poisoned dart barely misses the iguana.
You don't have any such object.
Fire/throw which item? ([*] to toggle full inventory view, [\] to toss any item) (? for menu, Esc to quit)
You don't have any such object.
Fire/throw which item? ([*] to toggle full inventory view, [\] to toss any item) (? for menu, Esc to quit)
You don't have any such object.
Fire/throw which item? ([*] to toggle full inventory view, [\] to toss any item) (? for menu, Esc to quit)
You don't have any such object.
Fire/throw which item? ([*] to toggle full inventory view, [\] to toss any item) (? for menu, Esc to quit)
That's the wrong kind of item! (Use * to select it.) Fire/throw which item? ([*] to toggle full inventory view, [\] to toss any item) (? for menu, Esc to quit)
That's the wrong kind of item! (Use * to select it.) Fire/throw which item? ([*] to toggle full inventory view, [\] to toss any item) (? for menu, Esc to quit)
Okay, then.
Unknown command.
Unknown command.
Okay, then. ๐Ÿ˜ฑ HP[+1]
You aren't carrying any items that you can evoke.
Throw: 71 stones
Press: ? - help, Shift-Dir - straight line, f/p - iguana
Aim: an iguana (heavily wounded, 63% to hit)
You throw a stone.
The stone hits the iguana but does no damage.
Throw: 70 stones
Press: ? - help, Shift-Dir - straight line, f/p - iguana
Aim: an iguana (moderately wounded, 63% to hit)
You throw a stone.
The stone hits the iguana but does no damage.
You hit the iguana but do no damage. The iguana bites you!
You die...

Skill      XL: |  1  2 |
---------------+-------+-----
Invocations    | 2 |  2.3
Fighting       | 4 |  4.2
Long Blades    | 3 |  3.2
Armour         | 3 |  3.2
Dodging        | |  1.4

Action                   |  1- 3 |  4- 6 || total
-------------------------+-------+-------++-------
Melee: Falchion          |   117 |    15 ||   132
Throw: Dart              |       |     2 ||     2
       Stone             |       |     2 ||     2
Invok: Bend Space        |       |     1 ||     1
 Abil: Hop               |       |     1 ||     1
Armor: Leather armour    |     2 |       ||     2
       Chain mail        |    63 |     8 ||    71
Dodge: Dodged            |    34 |     4 ||    38

Levels and vault maps discovered:
D:1:      dpeg_arrival_ratfight, layout_loops_corners
D:2:      layout_basic, chequers_serial_rivers_small_b, fountainhead,
          minmay_misc_feat_square, minivault_26

Notes
Turn   | Place    | Note
-------+----------+-------------------------------------------
     0 | Abyss:1  | spiderkeys the Barachi Abyssal Knight began the quest for
                  | the Orb.
     0 | Abyss:1  | Reached XP level 1. HP: 18/18 MP: 2/2
     0 | Abyss:1  | magus.rc [v1.11.3]
     9 | D:1      | You pass through the gate.
     9 | D:1      | Escaped the Abyss
   370 | D:1      | Reached XP level 2. HP: 21/25 MP: 3/3
  1411 | D:2      | Reached skill level 2 in Invocations
  1414 | D:2      | Reached skill level 4 in Fighting
  1437 | D:2      | Reached skill level 3 in Long Blades
  1437 | D:2      | Reached skill level 3 in Armour
  1437 | D:2      | Reached XP level 3. HP: 18/30 MP: 4/4
  2060 | D:2      | Reached XP level 4. HP: 19/37 MP: 5/5
  2330 | D:2      | HP: 9/37 [iguana (8)]
  2342 | D:2      | Slain by an iguana

Vanquished Creatures
  3 adders (D:2)
  A worm (D:2)
  2 dart slugs (D:2)
  4 endoplasms
  5 goblins
  4 hobgoblins
  3 quokkas
  A ball python (D:1)
  2 bats (D:2)
  2 kobolds (D:2)
  7 rats
34 creatures vanquished.

Table legend:
 A = Non-vault XP
 B = Vault XP
 C = Vault XP percentage of total XP
 D = Non-vault monster count
 E = Vault monster count
 F = Vault count percentage of total count
                 A         B        C        D         E       F
            +---------+---------+-------+---------+---------+-------
      Total |      92 |       5 |   5.2 |      29 |       5 |  14.7
            +---------+---------+-------+---------+---------+-------
        D:1 |      16 |       5 |  23.8 |       9 |       5 |  35.7
        D:2 |      76 |       0 |   0.0 |      20 |       0 |   0.0
            +---------+---------+-------+---------+---------+-------

Illustrated notes

Table legend:
 A = Kills in this place as a percentage of kills in entire the game.
 B = Kills by you in this place as a percentage of kills by you in the entire game.
 C = Kills by friends in this place as a percentage of kills by friends in the entire game.
 D = Other kills in this place as a percentage of other kills in the entire game.
 E = Experience gained in this place as a percentage of experience gained in the entire game.
 F = Experience gained in this place divided by the number of levels of this place that you have seen.
                   A       B       C       D       E      F
               +-------+-------+-------+-------+-------+----------------------
         Total | 100.0 | 100.0 |   N/A |   N/A | 100.0 |  32.3
       Dungeon | 100.0 | 100.0 |   N/A |   N/A | 100.0 |  48.5
               +-------+-------+-------+-------+-------+----------------------

Table legend: (Time is in decaauts)
 A = Elapsed time spent in this place.
 B = Non-inter-level travel time spent in this place.
 C = Inter-level travel time spent in this place.
 D = Time resting spent in this place.
 E = Time spent auto-exploring this place.
 F = Levels seen in this place.
 G = Mean time per level.
                   A        B        C        D        E       F      G
               +--------+--------+--------+--------+--------+-----+--------+
         Total |   2643 |   2545 |     98 |     49 |   2179 |   3 |  881.0 |
       Dungeon |   2632 |   2534 |     98 |     49 |   2179 |   2 | 1316.0 |
         Abyss |     10 |     10 |      0 |      0 |      0 |   1 |   10.0 |
               +--------+--------+--------+--------+--------+-----+--------+

Top non-repeatable levels by time:
     D:2: 1337 daAuts
     D:1: 1295 daAuts
 Abyss:1: 10 daAuts
